 Dungeon Crawl Stone Soup version 0.28-a0-1505-g8c907de6ad (webtiles) character file.

Game seed: 7646078994057900961

126733 Koffer the Warrior (level 16, -6/160 HPs)
             Began as a Minotaur Fighter on Jan 13, 2022.
             Was a High Priest of Trog.
             Engulfed by a swamp dragon's poison gas (8 damage)
             ... on level 3 of the Swamp.
             The game lasted 01:10:40 (36999 turns).

Koffer the Warrior (Minotaur Fighter)              Turns: 36999, Time: 01:10:41

Health: -6/160     AC: 31    Str: 25    XL:     16   Next: 44%
Magic:  15/15      EV: 27    Int: 11    God:    Trog [*****.]
Gold:   1312       SH: 10    Dex: 18    Spells: 15/15 levels left

rFire   . . .      SeeInvis .   o - +9 long sword of Karma {vorpal, rC- rN+ Will+}
rCold   . . .      Faith    .   c - +2 buckler
rNeg    + + .      Spirit   .   K - +3 chain mail {rC+}
rPois   .          Reflect  .   (helmet restricted)
rElec   +          Harm     .   T - +2 cloak {rCorr}
rCorr   +          Rampage  +   U - +2 pair of gloves
Will    ++...                   m - +2 pair of boots {rampage}
Stlth   ..........              z - amulet of the acrobat
HPRegen 0.36/turn               s - +4 ring of protection
MPRegen 0.14/turn               E - ring of Yendor {rElec rN+ rCorr Int+6 Dex+4}

@: lethally poisoned (-6 -> -83), acrobatic
A: horns 2, retaliatory headbutt
a: Renounce Religion, Berserk, Trog's Hand, Brothers in Arms


You were on level 3 of the Swamp.
You worshipped Trog.
Trog was extremely pleased with you.
You visited 8 branches of the dungeon, and saw 30 of its levels.

You collected 2777 gold pieces.
You spent 1465 gold pieces at shops.

Inventory:

Hand Weapons
 o - the +9 long sword of Karma (weapon) {vorpal, rC- rN+ Will+}
   (You found it on level 7 of the Dungeon)

   It inflicts extra damage upon your enemies.
   rC:        It makes you vulnerable to cold.
   rN:        It protects you from negative energy.
   Will:      It increases your willpower.
 w - the +14 obsidian axe {vorpal, Mesm Drain Fly SInv}
   (You took it off an orc warlord on level 12 of the Dungeon)

   It inflicts extra damage upon your enemies.
   It occasionally summons demons to assist the wielder when it strikes in
   combat.
   Its wielder is mesmerised by any visible foes.
   It cannot be unequipped while any foes are visible.
   SInv:      It lets you see invisible.
   Fly:       It grants you flight.
   Drain:     It drains your maximum health when unequipped.
 J - the +9 sword of Zonguldrok {reap}
   (You bought it in a shop on level 2 of the Orcish Mines)

   Any living foe damaged by it may be reanimated upon death as a zombie
   friendly to the wielder, with an increasing chance as more damage is dealt.
 W - the +9 flail of the Median {holy, rF++ rC+ rCorr Stlth-}
   (You found it on level 15 of the Dungeon)

   It has been blessed by the Shining One to cause great damage to the undead
   and demons.
   rF:        It greatly protects you from fire.
   rC:        It protects you from cold.
   rCorr:     It protects you from acid and corrosion.
   Stlth:     It makes you less stealthy.
Missiles
 e - 4 throwing nets
Armour
 c - a +2 buckler (worn)
 j - a +2 plate armour of fire resistance
 m - a +2 pair of boots of rampaging (worn)
 K - a +3 chain mail of cold resistance (worn)
 T - a +2 cloak of preservation (worn)
 U - a +2 pair of gloves (worn)
Jewellery
 q - a ring of protection from fire
 s - a +4 ring of protection (left hand)
 z - an amulet of the acrobat (around neck)
 E - the ring of Yendor (right hand) {rElec rN+ rCorr Int+6 Dex+4}
   (You acquired it on level 12 of the Dungeon)

   [ring of intelligence]

   Int:       It affects your intelligence (+6).
   Dex:       It affects your dexterity (+4).
   rElec:     It insulates you from electricity.
   rN:        It protects you from negative energy.
   rCorr:     It protects you from acid and corrosion.
 L - a ring of fire
Wands
 f - a wand of polymorph (15)
 A - a wand of digging (4)
 B - a wand of flame (46) (quivered)
 F - a wand of acid (7)
 V - a wand of iceblast (8)
Scrolls
 a - a scroll of summoning
 h - 2 scrolls of amnesia
 k - 9 scrolls of vulnerability
 n - 5 scrolls of teleportation
 t - a scroll of brand weapon
 u - a scroll of fog
 v - 5 scrolls of magic mapping
 x - 2 scrolls of fear
 G - 3 scrolls of enchant weapon
 H - 3 scrolls of immolation
 I - 4 scrolls of silence
Potions
 b - a potion of resistance
 d - a potion of might
 g - a potion of haste
 i - 2 potions of heal wounds
 l - 4 potions of flight
 r - a potion of mutation
 C - 6 potions of curing
 D - 2 potions of magic
 M - a potion of brilliance
 Y - 2 potions of ambrosia
Miscellaneous
 y - a piece from Xom's chessboard (15/15)
 S - a tin of tremorstones (2/2)


   Skills:
 * Level 19.0 Fighting
 + Level 18.2 Long Blades
 - Level 9.3 Axes
 + Level 15.1 Armour
 + Level 7.2 Dodging
 + Level 4.9 Stealth
 + Level 13.3 Shields
 + Level 5.4 Evocations


You had 15 spell levels left.
You didn't know any spells.
Your spell library was empty.

Dungeon Overview and Level Annotations

Branches:
Dungeon (15/15)            Temple (1/1) D:6            Lair (5/6) D:11
  Swamp (4/4) Lair:2        Snake (1/4) Lair:2          Orc (2/2) D:12
    Elf (1/3) Orc:2        Vaults (0/5) D:14         Depths (1/4) D:15
  Slime: Lair:5-6

Altars:
Ashenzari
Cheibriados
Dithmenos
Elyvilon
Fedhas
Gozag
Hepliaklqana
Kikubaaqudgha
Makhleb
Nemelex Xobeh
Okawaru
Qazlal
Ru
Sif Muna
Trog
Uskayaw
Vehumet
Wu Jian
Xom
Yredelemnul
Zin
The Shining One
Beogh

Shops:
D:6 (   D:7 [   D:8 =   D:15 ?   Orc:2 =[(!   Snake:1 :

Portals:
Abyss: Orc:1
Trove: D:12 (give 17 potions of curing)

Annotations:
D:14 3 runed translucent doors
Swamp:2 1 runed translucent door, tilp's ghost, journeyman FeIE
Orc:1 2 transporters, ThereIsNoGod's ghost, journeyman DsAK
Elf:1 Aizul


Innate Abilities, Weirdness & Mutations

You have a pair of horns on your head.
You reflexively headbutt those who attack you in melee.


Message History

The swamp dragon completely misses you. You furiously retaliate!
You headbutt the swamp dragon, but do no damage.
The swamp dragon misses you. The swamp dragon completely misses you.
You block the seven-headed hydra's attack.
The seven-headed hydra completely misses you.
The seven-headed hydra closely misses you.
The seven-headed hydra bites you!
* * * LOW HITPOINT WARNING * * *
The seven-headed hydra misses you.
You block the seven-headed hydra's attack.
The seven-headed hydra bites you.
* * * LOW HITPOINT WARNING * * *
You barely miss the five-headed hydra.
You are engulfed in poison gas.
You are more poisoned.
* * * LOW HITPOINT WARNING * * *
x2 You feel extremely sick.
The five-headed hydra bites you but does no damage. x2
The five-headed hydra closely misses you.
You block the five-headed hydra's attack.
The five-headed hydra bites you but does no damage.
You are engulfed in poison gas.
You are more poisoned.
* * * LOW HITPOINT WARNING * * *
x2 You feel extremely sick.
The seven-headed hydra misses you.
The seven-headed hydra bites you but does no damage.
The seven-headed hydra barely misses you.
You block the seven-headed hydra's attack.
The seven-headed hydra closely misses you.
The seven-headed hydra completely misses you.
You block the seven-headed hydra's attack.
The swamp dragon closely misses you. You block the swamp dragon's attack. x2
The five-headed hydra completely misses you.
The five-headed hydra closely misses you.
The five-headed hydra barely misses you.
The five-headed hydra bites you but does no damage.
You block the five-headed hydra's attack.
You are engulfed in poison gas.
You are more poisoned.
You die...

♣♣♣ ♣♣♣♣♣ ♣♣ ♣♣≈♣♣♣
♣♣≈.≈♣♣♣♣♣♣♣♣♣♣♣ .♣
♣♣♣≈≈..♣♣♣)≈≈≈..≈≈♣.≈...♣♣ .♣
♣≈.≈≈≈...§°○°≈.(...≈≈≈...♣♣ .♣
♣♣.†......°°.≈.♣♣♣.≈§≈♣≈≈.♣
≈♣♣♣♣♣♣.≈≈≈≈...D..≈♣♣♣...♣.≈≈♣
♣≈≈.♣♣.≈≈≈≈≈≈.kD@≈..♣§..♣♣..≈♣
♣...≈♣.≈≈≈≈≈≈.♣D.≈≈.♣♣..♣♣≈.♣♣
♣.≈..♣.>..§§.....)≈..♣♣♣≈≈♣♣♣
≈≈≈≈..≈≈..≈≈≈.≈.≈♣≈≈.≈≈≈..≈♣♣
♣.≈≈..≈≈≈§≈≈§≈≈≈.♣.≈.♣.≈.≈♣.♣
♣♣♣♣♣≈.≈≈≈≈≈.≈≈≈.♣♣♣♣♣...♣♣♣♣
♣♣♣.≈≈≈≈≈≈≈..≈♣♣♣♣♣..♣♣..♣♣
♣≈.≈≈≈≈≈≈≈≈...§♣♣≈≈≈≈.<≈≈.♣
♣♣♣≈§≈≈≈≈≈.≈≈..≈♣.≈≈≈...≈≈♣


You could see a seven-headed hydra, a five-headed hydra, a swamp dragon and a
swamp drake.

Vanquished Creatures
  Jorgrun (D:12)
  Rupert (Lair:3)
  Gastronok (Lair:1)
  A thorn hunter (Swamp:3)
  Donald (Swamp:1)
  4 orc warlords
  A stone giant (D:15)
  3 eleionomae
  The ghost of namelastname112 the Fighter, a journeyman DrWn of Dithmenos (Lair:1)
  The ghost of p0werm0de the Fighter, a journeyman BaCK of Xom (D:12)
  2 bunyips (Swamp:2)
  The ghost of kae the Grappler, a journeyman DrTm of Ru (Lair:1)
  The ghost of Killmatronix the Slinger, a journeyman HuHu of Gozag (Lair:1)
  Snorg (Lair:4)
  A fire dragon (D:15)
  5 vault guards
  3 boulder beetles
  Harold (Orc:1)
  The ghost of NigelTetley the Blocker, a journeyman FoFi of Okawaru (Lair:1)
  The ghost of Koffer the Skirmisher, a journeyman DsGl of Ashenzari (D:12)
  3 centaur warriors
  A ghost crab (Swamp:2)
  16 hydras
  3 ogre magi (Orc:2)
  An anaconda (Snake:1)
  A death knight (D:14)
  19 two-headed ogres
  Erica (D:10)
  10 death yaks (Lair:4)
  3 tengu warriors (D:15)
  4 alligators
  A deep elf knight (D:14)
  Urug (D:12)
  2 spriggan berserkers (Lair:2)
  A fire crab (Lair:4)
  A salamander mystic (Snake:1)
  4 bog bodies
  6 goliath frogs
  2 spriggan druids
  5 orc knights
  A lindwurm (Lair:2)
  2 swamp dragons
  A mana viper (Snake:1)
  An ugly thing (D:11)
  2 deep elf pyromancers
  4 cyclopes
  An orc sorcerer (Orc:1)
  4 manticores
  A will-o-the-wisp (Swamp:3)
  A salamander (Snake:1)
  Maurice (D:10)
  A naga mage (Snake:1)
  4 black mambas
  2 gargoyles (D:14)
  8 cane toads
  Maggie (D:8)
  An unseen horror (D:13)
  6 komodo dragons
  A kobold demonologist (D:14)
  4 yaktaurs (D:15)
  A rime drake (Lair:2)
  2 tengu conjurers (D:14)
  8 tyrant leeches
  7 trolls
  2 polar bears (Lair:3)
  8 hornets
  A queen bee (shapeshifter) (D:14)
  Prince Ribbit (D:9)
  9 blink frogs
  A meliai zombie (D:11)
  9 slime creatures
  A jumping spider (shapeshifter) (D:13)
  A centaur simulacrum (D:15)
  9 spriggans
  2 wyverns
  2 vampires (D:11)
  2 basilisks
  Eustachio (D:5)
  24 yaks
  7 redbacks (D:14)
  A steam dragon (D:4)
  16 vampire mosquitoes
  8 swamp worms
  4 wargs
  4 nagas
  An acid dragon (D:11)
  21 water moccasins
  40 orc warriors
  4 swamp drakes
  A meliai simulacrum (D:15)
  2 ice beasts
  37 ogres
  A necrophage (D:4)
  3 black bears
  3 centaurs
  11 bullfrogs
  A kobold brigand (D:9)
  3 scorpions
  2 wyvern zombies
  17 wights
  An electric eel (D:8)
  4 howler monkeys
  4 crimson imps (D:9)
  A lava snake (D:9)
  A bullfrog zombie (D:5)
  2 jellies (D:6)
  A bullfrog skeleton (D:5)
  2 hounds (D:5)
  5 centaur zombies
  14 orc priests
  Jessica (D:2)
  16 orc wizards
  4 iguanas
  A killer bee zombie (D:8)
  2 hound skeletons
  4 gnolls (D:6)
  10 adders
  A river rat (Lair:1)
  A white imp (D:8)
  An adder skeleton (D:4)
  3 worms (D:2)
  2 dart slugs
  80 orcs
  3 endoplasms
  2 giant cockroaches
  6 goblins
  5 hobgoblins
  6 jackals (D:2)
  12 kobolds
  2 quokkas (D:1)
  3 ball pythons
  5 bats
  4 rats
  3 bushes (D:4)
654 creatures vanquished.

Vanquished Creatures (collateral kills)
  A bunyip (Swamp:1)
  An alligator (Swamp:2)
  A bog body (Swamp:1)
  2 hornets (Swamp:1)
  2 spriggans (Swamp:1)
  4 vampire mosquitoes (Swamp:1)
  A swamp worm (Swamp:1)
  A swamp drake (Swamp:1)
  2 orcs (D:14)
15 creatures vanquished.

Vanquished Creatures (others)
  An ogre mage (Orc:2)
  A goliath frog (Swamp:4)
  A flayed ghost (D:15)
  A wizard (D:14)
  2 bloated husks
  A tyrant leech (Swamp:3)
  4 foxfires (Swamp:3)
  11 fungi
  28 plants
50 creatures vanquished.

Grand Total: 719 creatures vanquished

Notes
Turn   | Place    | Note
-------+----------+-------------------------------------------
     0 | D:1      | Koffer the Minotaur Fighter began the quest for the Orb.
     0 | D:1      | Reached XP level 1. HP: 19/19 MP: 0/0
   262 | D:1      | Reached XP level 2. HP: 27/27 MP: 1/1
   358 | D:1      | Found a faded altar of an unknown god.
  1220 | D:2      | Reached skill level 1 in Dodging
  1220 | D:2      | Reached XP level 3. HP: 31/33 MP: 2/2
  1261 | D:2      | Reached skill level 1 in Stealth
  1363 | D:2      | Reached skill level 4 in Fighting
  1364 | D:2      | Reached XP level 4. HP: 13/40 MP: 3/3
  2009 | D:2      | Identified the +2 hunting sling of Discord {freeze, rC+
                  | Dex+4}
  2197 | D:2      | Noticed Jessica
  2208 | D:2      | Killed Jessica
  2443 | D:3      | Reached skill level 1 in Evocations
  2551 | D:3      | Noticed a scorpion
  2560 | D:3      | Killed a scorpion
  2561 | D:3      | Reached XP level 5. HP: 23/47 MP: 4/4
  3283 | D:3      | Found a stormy altar of Qazlal.
  3284 | D:3      | Found a glowing silver altar of Zin.
  3284 | D:3      | Found a sacrificial altar of Ru.
  3285 | D:3      | Found a bloodstained altar of Trog.
  3288 | D:3      | Found a hazy altar of Hepliaklqana.
  3293 | D:3      | Became a worshipper of Trog the Wrathful
  3422 | D:4      | Noticed a necrophage
  3447 | D:4      | Killed a necrophage
  3448 | D:4      | Reached XP level 6. HP: 47/53 MP: 5/5
  3489 | D:5      | Entered Level 5 of the Dungeon
  3784 | D:4      | Reached skill level 5 in Axes
  3784 | D:4      | Reached skill level 5 in Armour
  3784 | D:4      | Reached XP level 7. HP: 47/60 MP: 6/6
  3938 | D:4      | Noticed a steam dragon
  3944 | D:4      | Killed a steam dragon
  3945 | D:4      | Reached skill level 5 in Fighting
  3961 | D:4      | Reached skill level 5 in Shields
  4923 | D:5      | Noticed Eustachio
  4931 | D:5      | Killed Eustachio
  4932 | D:5      | Reached XP level 8. HP: 70/70 MP: 7/7
  4995 | D:5      | Reached skill level 6 in Fighting
  5496 | D:5      | Found a radiant altar of Vehumet.
  5740 | D:6      | Found Vaecveth's Weapon Shoppe.
  5791 | D:6      | Found a staircase to the Ecumenical Temple.
  6274 | Temple   | Entered the Ecumenical Temple
  6514 | D:6      | Reached skill level 7 in Fighting
  6525 | D:6      | Reached * piety under Trog
  6971 | D:6      | Reached XP level 9. HP: 57/79 MP: 8/8
  7183 | D:6      | Found a glowing golden altar of the Shining One.
  7363 | D:7      | Found Bixaech's Armour Shoppe.
  7372 | D:7      | Bought a +3 chain mail of cold resistance for 265 gold
                  | pieces
  7643 | D:7      | Identified the +9 long sword of Karma {vorpal, rC- rN+
                  | Will+}
  7647 | D:7      | Identified the +2 leather armour "Bootz" {-Tele +Inv rPois
                  | Stlth+}
  7802 | D:7      | Reached skill level 8 in Fighting
  7943 | D:7      | Reached skill level 1 in Long Blades
  8109 | D:8      | Found Zoculad's Jewellery Shop.
  8442 | D:8      | Found a sparkling altar of Nemelex Xobeh.
  8596 | D:8      | Reached ** piety under Trog
  8597 | D:8      | Reached XP level 10. HP: 89/90 MP: 9/9
  8650 | D:8      | Found an opulent altar of Gozag.
  8943 | D:8      | Noticed Maggie
  8948 | D:8      | Killed Maggie
  8949 | D:8      | Reached skill level 9 in Fighting
  8949 | D:8      | Reached skill level 5 in Long Blades
  9086 | D:9      | Found a white marble altar of Elyvilon.
  9290 | D:9      | Noticed a +0 spear
  9292 | D:9      | Noticed a +0 spear
  9292 | D:9      | Noticed a +0 dagger
  9293 | D:9      | Noticed a +0 falchion
  9293 | D:9      | Noticed a +0 short sword
  9293 | D:9      | Noticed a +0 short sword
  9293 | D:9      | Noticed a +0 falchion
  9294 | D:9      | Noticed a +0 dagger
  9295 | D:9      | Found a hide-covered altar of Uskayaw.
  9311 | D:9      | Noticed Prince Ribbit
  9314 | D:9      | Killed Prince Ribbit
  9500 | D:9      | Found a shimmering altar of Xom.
  9914 | D:9      | Noticed a two-headed ogre
 10005 | D:9      | Killed a two-headed ogre
 10005 | D:9      | Reached *** piety under Trog
 10013 | D:9      | Paralysed by a hornet for 2 turns
 10266 | D:10     | Entered Level 10 of the Dungeon
 10279 | D:10     | Noticed Erica
 10285 | D:10     | Killed Erica
 10299 | D:10     | Found a snail-covered altar of Cheibriados.
 10555 | D:10     | Noticed Maurice
 10567 | D:10     | Killed Maurice
 10568 | D:10     | Reached XP level 11. HP: 72/97 MP: 10/10
 10862 | D:10     | Noticed a two-headed ogre
 10867 | D:10     | Killed a two-headed ogre
 11239 | D:10     | Noticed a two-headed ogre
 11245 | D:10     | Killed a two-headed ogre
 11695 | D:11     | Reached skill level 10 in Long Blades
 11738 | D:11     | Noticed a two-headed ogre
 11751 | D:11     | Killed a two-headed ogre
 12022 | D:11     | Reached skill level 10 in Fighting
 12715 | D:12     | Found a staircase to the Orcish Mines.
 12768 | D:12     | Found a runed translucent gate.
 12768 | D:12     | Found a runed translucent gate.
 12769 | D:12     | Found a runed translucent gate.
 12774 | D:12     | Noticed p0werm0de's ghost (journeyman BaCK)
 12774 | D:12     | Noticed Koffer's ghost (journeyman DsGl)
 12820 | D:12     | Noticed a cyan ugly thing
 12834 | D:11     | Reached skill level 5 in Dodging
 12905 | D:11     | Killed a cyan ugly thing
 13207 | D:12     | Noticed Urug
 13217 | D:12     | Killed Urug
 13295 | D:12     | Noticed a four-headed hydra
 13319 | D:12     | Killed a four-headed hydra
 13510 | D:11     | Found a staircase to the Lair.
 13621 | Lair:1   | Entered Level 1 of the Lair of Beasts
 13665 | Lair:1   | Found a runed translucent gate.
 13666 | Lair:1   | Found a runed translucent gate.
 13667 | Lair:1   | Found a runed translucent gate.
 13682 | Lair:1   | Reached skill level 10 in Armour
 13682 | Lair:1   | Reached XP level 12. HP: 108/108 MP: 11/11
 13925 | Lair:1   | Noticed Killmatronix's ghost (journeyman HuHu)
 13925 | Lair:1   | Noticed NigelTetley's ghost (journeyman FoFi)
 13926 | Lair:1   | Noticed kae's ghost (journeyman DrTm)
 13926 | Lair:1   | Noticed namelastname112's ghost (journeyman DrWn)
 13956 | Lair:1   | Killed kae's ghost
 13976 | Lair:1   | Killed Killmatronix's ghost
 14000 | Lair:1   | Killed namelastname112's ghost
 14001 | Lair:1   | Reached skill level 11 in Fighting
 14013 | Lair:1   | Killed NigelTetley's ghost
 14013 | Lair:1   | Reached **** piety under Trog
 14492 | Lair:1   | Noticed Gastronok
 14508 | Lair:1   | Killed Gastronok
 15156 | Lair:2   | Noticed a boulder beetle
 15184 | Lair:2   | Killed a boulder beetle
 15185 | Lair:2   | Reached skill level 12 in Fighting
 15265 | Lair:2   | Found a staircase to the Snake Pit.
 15788 | Lair:2   | Reached ***** piety under Trog
 15873 | Lair:2   | Noticed a five-headed hydra
 15885 | Lair:2   | Killed a ten-headed hydra
 15886 | Lair:2   | Reached XP level 13. HP: 117/119 MP: 12/12
 15894 | Lair:2   | Identified the +0 robe of Misanthropy {rN++ Str+3 Int-5
                  | Archmagi}
 16047 | Lair:2   | Found a staircase to the Swamp.
 16052 | Lair:2   | You fall into a shaft and drop 2 floors!
 16594 | Lair:3   | Noticed Rupert
 16608 | Lair:3   | Killed Rupert
 16609 | Lair:3   | Reached skill level 13 in Fighting
 16609 | Lair:3   | Reached skill level 15 in Long Blades
 17713 | Lair:4   | Noticed Snorg
 17727 | Lair:4   | Killed Snorg
 17948 | Lair:4   | Reached skill level 5 in Evocations
 18421 | Lair:4   | Reached skill level 14 in Fighting
 19263 | Snake:1  | Entered Level 1 of the Snake Pit
 19375 | Snake:1  | Found Reong's Book Emporium.
 19410 | Snake:1  | Received a gift from Trog
 19987 | D:12     | Found a portal to a secret trove of treasure.
 20129 | D:12     | Killed p0werm0de's ghost
 20130 | D:12     | Reached skill level 10 in Shields
 20130 | D:12     | Reached XP level 14. HP: 89/133 MP: 13/13
 20137 | D:12     | Killed Koffer's ghost
 20283 | D:12     | Identified a scroll of acquirement
 20283 | D:12     | Acquired the ring of Yendor {rElec rN+ rCorr Int+6 Dex+4}
 21164 | D:13     | Identified the +5 morningstar "Soteinno" {venom, Fly rC+
                  | rCorr MP+9 SInv}
 21183 | D:13     | You fall into a shaft and drop 2 floors!
 21183 | D:15     | Entered Level 15 of the Dungeon
 21285 | D:15     | Identified the +9 flail of the Median {holy, rF++ rC+ rCorr
                  | Stlth-}
 21810 | D:15     | Reached skill level 15 in Fighting
 21890 | D:15     | Found Eseng's Magic Scroll Boutique.
 22758 | Orc:1    | Entered Level 1 of the Orcish Mines
 22758 | Orc:1    | Noticed Jorgrun
 22778 | D:12     | Killed Jorgrun
 23022 | Orc:1    | Noticed Harold
 23033 | Orc:1    | Killed Harold
 23593 | Orc:1    | Noticed an orc warlord
 23595 | Orc:1    | Noticed an orc warlord
 23644 | D:12     | Killed an orc warlord
 23702 | D:12     | Killed an orc warlord
 24199 | Orc:1    | Identified the +4 falchion of Worestod {vorpal, Will+}
                  | (Trog gifted it to you on level 1 of the Orcish Mines)
 24199 | Orc:1    | Received a gift from Trog
 24599 | Orc:1    | Noticed an orc warlord
 24606 | Orc:1    | Identified the +11 dagger "Wuhof" {flame, Int+7}
 24899 | D:12     | Killed an orc warlord
 25249 | Orc:1    | Found a transporter.
 25591 | Orc:1    | Reached skill level 16 in Fighting
 25610 | Orc:1    | Found a one-way gate to the infinite horrors of the Abyss.
 25610 | Orc:1    | Noticed ThereIsNoGod's ghost (journeyman DsAK)
 25613 | Orc:1    | Found a transporter.
 25980 | Orc:2    | Entered Level 2 of the Orcish Mines
 26579 | Orc:2    | Reached XP level 15. HP: 97/145 MP: 14/14
 27025 | Orc:2    | Received a gift from Trog
 27025 | Orc:2    | Noticed an orc warlord
 27245 | Orc:1    | Killed an orc warlord
 27427 | Orc:2    | Reached skill level 17 in Fighting
 27629 | Orc:2    | Found Baqiocoo's Weapon Boutique.
 27629 | Orc:2    | Found Koletso's Jewellery Shoppe.
 27630 | Orc:2    | Found Sauma's Distillery.
 27630 | Orc:2    | Found Ynatol's Antique Armour Boutique.
 27641 | Orc:2    | Bought the +9 sword of Zonguldrok {reap} for 1200 gold
                  | pieces
 27641 | Orc:2    | Found the +9 sword of Zonguldrok {reap}
 28472 | Orc:2    | Found a staircase to the Elven Halls.
 28591 | Elf:1    | Entered Level 1 of the Elven Halls
 28593 | Elf:1    | Noticed Aizul
 30022 | D:14     | Identified the +4 dagger of Barnacled Innocence {freeze,
                  | Drain rC+++ rN+}
 30051 | D:14     | Received a gift from Trog
 30064 | D:14     | Found a runed translucent gate.
 30064 | D:14     | Found a runed translucent gate.
 30561 | D:14     | Found a gate to the Vaults.
 30797 | D:14     | Found a runed translucent gate.
 30886 | D:14     | Noticed a quicksilver dragon
 30886 | D:14     | Noticed a rockslime
 30886 | D:14     | a quicksilver dragon changed into a rockslime
 30889 | D:14     | Noticed a juggernaut
 30889 | D:14     | a rockslime changed into a juggernaut
 30901 | D:14     | Noticed a titan
 30901 | D:14     | a juggernaut changed into a titan
 30902 | D:14     | Noticed an iron dragon
 30902 | D:14     | a titan changed into an iron dragon
 30904 | D:14     | Noticed an acid blob
 30904 | D:14     | an iron dragon changed into an acid blob
 31006 | D:15     | Found a staircase to the Depths.
 31020 | Depths:1 | Entered Level 1 of the Depths
 31650 | Swamp:1  | Entered Level 1 of the Swamp
 32032 | Swamp:1  | Paralysed by a hornet for 3 turns
 32278 | Swamp:1  | Reached skill level 18 in Fighting
 32310 | Swamp:1  | Noticed Donald
 32323 | Swamp:1  | Killed Donald
 33621 | Swamp:2  | Reached XP level 16. HP: 156/157 MP: 15/15
 33648 | Swamp:2  | Received a gift from Trog
 34576 | Swamp:2  | Found a runed translucent door.
 34576 | Swamp:2  | Noticed tilp's ghost (journeyman FeIE)
 35162 | Swamp:3  | Noticed a thorn hunter
 35259 | Swamp:4  | Entered Level 4 of the Swamp
 35412 | Swamp:3  | Killed a thorn hunter
 36198 | Swamp:3  | Reached skill level 15 in Armour
 36210 | Swamp:3  | Reached skill level 19 in Fighting
 36918 | Swamp:4  | Noticed a thorn hunter
 36998 | Swamp:3  | HP: 2/160 [poisoned by a swamp dragon (poison gas)]
 36999 | Swamp:3  | Engulfed by a swamp dragon's poison gas

Illustrated notes

Levels and vault maps discovered:
D:1:      erik_arrival_cave_to_civilisation [erik_arrival_cave_to_hall],
          layout_basic, hellmonk_ecumenical_altar_pennies_from_heaven,
          minmay_crystal_room
D:2:      layout_loops_ring, minmay_misc_feat_roman, uniq_jessica
D:3:      layout_basic, minitemple
D:4:      black_bear_nest_2, layout_basic, serial_forest,
          infiniplex_forest_lined_2, infiniplex_forest_straight_1,
          infiniplex_forest_split, infiniplex_forest_lined_1,
          infiniplex_forest_corner_1, infiniplex_forest_lined_3,
          infiniplex_forest_3_way, minmay_bisected
D:5:      layout_gridville, vehumet_crystals, uniq_eustachio
D:6:      layout_rooms, general_overflow_altar,
          minmay_temple_entry_drinking_statues, serial_shops,
          nicolae_shop_crystal, due_unseen_surprise
D:7:      layout_rooms, serial_shops, nicolae_shop_waterfront, st_stairs_1
D:8:      cheibrodos_helix_gallery, layout_cave_pools,
          mainiacjoe_overflow_boulevard, old_standard_altar,
          kennysheep_small_spiral, minmay_shop_enchanted_jewellery, uniq_maggie
D:9:      layout_gridville, elyvilon_altar_4, led_xom_imps,
          nicolae_uskayaw_en_pointe, hangedman_abyss_or_decor_stagger,
          kennysheep_generic_room_16, uniq_prince_ribbit1
D:10:     layout_stronghold, kennysheep_slug_shrine, uniq_erica, uniq_maurice
D:11:     layout_gridville, lair_entry_dummy
D:12:     layout_loops_ring, orc_0_dummy, gammafunk_ghost_cemetery,
          nicolae_trove_entry_crystal, uniq_urug
D:13:     layout_roguey
D:14:     layout_roguey [special_room_orc], grunt_vaults_entry_fortified,
          ploomutoo_gammafunk_ghost_potion_laboratory, drop_trap
D:15:     grunt_enter_depths_snipers, layout_rooms, serial_shops,
          nicolae_shop_hallway_plus
Temple:   jpeg_temple_island
Lair:1:   layout_big_grid, gammafunk_ghost_cemetery, pond, uniq_gastronok
Lair:2:   cheibrodos_lair_overgrown_chateau, layout_hall_layers, swamp_mist,
          guppyfry_snake_entry_garden
Lair:3:   layout_regular_city, grunt_megastairs_1, serial_bayou_shore_b,
          uniq_rupert
Lair:4:   layout_cave_pods, lemuel_fruit_tree, uniq_snorg
Lair:5:   layout_cave_shapes, uniq_kirke
Swamp:1:  layout_basic_swamp, evilmike_swamp_ruin_house_2, swamp_pool1,
          infiniplex_staircase_pool, uniq_donald
Swamp:2:  layout_falls_marsh, ebering_ghost_inner_flame, serial_swamp_ruin,
          evilmike_swamp_ruin_house_3, evilmike_swamp_ruin_house_6, swamp_pool5,
          nicolae_swamp_baby_hydras
Swamp:3:  layout_basic_swamp, hangedman_swamp_lotus
Swamp:4:  swamp_alternative, layout_basic_swamp, swamp_pool4,
          nicolae_swamp_spriggan_camp, uniq_mlioglotl
Snake:1:  layout_basic, serial_shops, shop, shop, nicolae_diamond_shop,
          nicolae_shop_behind_doors, grunt_megastairs_3, minmay_shop_grove
Orc:1:    nicolae_orc_accident_1, layout_caves, basic_altar,
          gammafunk_ghost_abyssal_escape, minmay_orc_treasury, uniq_harold,
          uniq_jorgrun
Orc:2:    st_orc_ogre_mass, layout_diamond_mine
Elf:1:    layout_gridlike, serial_shops, shop, hangedman_elf_disciples,
          uniq_aizul
Depths:1: minmay_mutant_horseshoe, layout_cave_shapes, enter_ziggurat_c,
          grunt_mini_vestibule, serial_shops, nicolae_shop_hallway_plus,
          nicolae_shop_overcharged_wands

Skill      XL: |  1  2  3  4  5  6  7  8  9 10 11 12 13 14 15 16 |
---------------+-------------------------------------------------+-----
Dodging        | 1 2 3 4 5 6 7 |  7.2
Stealth        | 1 2 3 4 |  4.9
Shields        | 4 5 6 7 8 10 11 12 13 | 13.3
Armour         | 4 5 6 8 9 10 12 13 14 15 | 15.1
Axes           | 3 4 5 6 7 9 |  9.3
Fighting       | 4 5 7 8 9 10 12 14 16 18 19 | 19.0
Evocations     | 1 3 4 5 |  5.4
Long Blades    | 4 9 12 14 15 17 18 | 18.2

Action                   |  1- 3 |  4- 6 |  7- 9 | 10-12 | 13-15 | 16-18 || total
-------------------------+-------+-------+-------+-------+-------+-------++-------
Melee: War axe           |    62 |   124 |   277 |       |       |       ||   463
       Headbutt          |    12 |    16 |    94 |    91 |   288 |    48 ||   549
       Long sword        |       |       |    59 |   445 |   795 |   196 ||  1495
       Double sword      |       |       |       |       |   307 |     4 ||   311
Invok: Berserk           |       |       |       |       |    11 |     2 ||    13
Evoke: Wand              |       |       |     2 |    42 |    33 |       ||    77
       Tin of tremorston |       |       |       |     1 |       |       ||     1
  Use: Scroll            |       |     3 |    10 |     7 |    17 |       ||    37
       Potion            |       |     2 |     1 |     3 |    11 |     1 ||    18
 Stab: Paralysed         |       |       |     5 |     3 |     5 |       ||    13
       Invisible         |       |       |       |       |     2 |       ||     2
       Distracted        |       |       |       |       |     2 |     1 ||     3
       Confused          |       |       |       |       |       |     2 ||     2
Armor: Scale mail        |    38 |    72 |    70 |       |       |       ||   180
       Chain mail        |       |       |    54 |   242 |   521 |   163 ||   980
Dodge: Dodged            |    29 |    91 |   115 |   152 |   535 |   206 ||  1128
Block: Buckler           |    14 |    30 |    71 |   173 |   452 |   137 ||   877

Table legend: (Time is in decaauts)
 A = Elapsed time spent in this place.
 B = Non-inter-level travel time spent in this place.
 C = Inter-level travel time spent in this place.
 D = Time resting spent in this place.
 E = Time spent auto-exploring this place.
 F = Levels seen in this place.
 G = Mean time per level.
                   A        B        C        D        E       F      G
               +--------+--------+--------+--------+--------+-----+--------+
         Total |  37209 |  34212 |   2997 |  11263 |  15209 |  30 | 1240.3 |
       Dungeon |  21128 |  19099 |   2029 |   6135 |   8774 |  15 | 1408.5 |
        Temple |    266 |    251 |     15 |      0 |    244 |   1 |  266.0 |
          Lair |   6472 |   6108 |    364 |   2010 |   2686 |   5 | 1294.4 |
         Swamp |   4756 |   4481 |    275 |   1714 |   1850 |   4 | 1189.0 |
     Snake Pit |    460 |    460 |      0 |    241 |     77 |   1 |  460.0 |
  Orcish Mines |   4111 |   3799 |    312 |   1162 |   1577 |   2 | 2055.5 |
   Elven Halls |     10 |     10 |      0 |      0 |      0 |   1 |   10.0 |
        Depths |      3 |      3 |      0 |      0 |      0 |   1 |    3.0 |
               +--------+--------+--------+--------+--------+-----+--------+

Top non-repeatable levels by time:
    D:12: 3125 daAuts
   Orc:1: 2395 daAuts
  Lair:2: 2119 daAuts
 Swamp:2: 2022 daAuts
    D:11: 1724 daAuts
   Orc:2: 1715 daAuts
  Lair:4: 1596 daAuts
     D:4: 1582 daAuts
  Lair:3: 1576 daAuts
     D:1: 1463 daAuts
    D:10: 1400 daAuts
 Swamp:1: 1398 daAuts
    D:14: 1303 daAuts
 Swamp:3: 1299 daAuts
     D:2: 1290 daAuts
